[Event "German Bundesliga 2021-22"]
[Site "Germany"]
[Date "2022.03.05"]
[Round "1.2"]
[White "Bogner, Sebastian"]
[Black "Schroeder, Jan-Christian"]
[Result "1/2-1/2"]
[ECO "E97"]
[WhiteElo "2573"]
[BlackElo "2564"]
[Annotator "ChessBase"]
[PlyCount "84"]
[EventDate "2022.03.05"]
[EventType "team-tourn"]
[EventCountry "GER"]
[SourceTitle "playchess.com"]
[Source "ChessBase"]
[SourceQuality "1"]
[TimeControl "40/5400+30:1800+30"]

1. d4 Nf6 2. c4 g6 3. Nc3 Bg7 4. e4 d6 5. Nf3 O-O 6. Be2 e5 7. O-O Nc6 8. d5 Ne7 9. b4 a5 10. bxa5 Rxa5 11. a4 Ne8 12. Bd2 Ra8 13. a5 h6 14. Ne1 f5 15. f3 Nf6 16. c5 c6 17. Bc4 Kh7 18. Nd3 cxd5 19. exd5 e4 20. Nf2 exf3 21. Qxf3 dxc5 22. Rfe1 Ng4 23. Nxg4 fxg4 24. Qd3 Bf5 25. Qg3 Bd7 26. Bd3 Bf5 27. Bc4 Bf6 28. Bf4 Bd7 29. Be5 Nf5 30. Bxf6 Qxf6 31. Qe5 Qxe5 32. Rxe5 Rfe8 33. Rxe8 Rxe8 34. a6 bxa6 35. Rxa6 Re1+ 36. Kf2 Rc1 37. Ra7 Rxc3 38. Rxd7+ Kg8 39. Be2 Rc2 40. Ke1 c4 41. Rc7 h5 42. Rxc4 Rxc4 1/2-1/2

[Event "German Bundesliga 2021-22"]
[Site "Germany"]
[Date "2022.03.05"]
[Round "1.3"]
[White "Lemmers, Oscar"]
[Black "Khenkin, Igor"]
[Result "1/2-1/2"]
[ECO "D41"]
[WhiteElo "2346"]
[BlackElo "2509"]
[Annotator "ChessBase"]
[PlyCount "76"]
[EventDate "2022.03.05"]
[EventType "team-tourn"]
[EventCountry "GER"]
[SourceTitle "playchess.com"]
[Source "ChessBase"]
[SourceQuality "1"]
[TimeControl "40/5400+30:1800+30"]

1. e4 c6 2. c4 d5 3. exd5 Nf6 4. Nc3 cxd5 5. cxd5 Nxd5 6. Nf3 e6 7. Bc4 Nc6 8. O-O Be7 9. d4 O-O 10. Re1 Bf6 11. Ne4 h6 12. Bxd5 exd5 13. Nxf6+ Qxf6 14. Ne5 Re8 15. Nxc6 Rxe1+ 16. Qxe1 Qxc6 17. Bf4 Bf5 18. Qd2 Re8 19. a3 Qb5 20. Be3 Re6 21. Rc1 Rb6 22. b4 Qa4 23. Rc3 a5 24. bxa5 Rb2 25. Qe1 Kh7 26. Rc1 Qxa3 27. Ra1 Qb3 28. h3 Bd3 29. Qd1 Qxd1+ 30. Rxd1 Bc4 31. Bf4 g5 32. Bc7 Kg6 33. Re1 Be2 34. f3 h5 35. Kf2 Bc4+ 36. Kg1 Be2 37. Kf2 Bc4+ 38. Kg1 Be2 1/2-1/2

[Event "German Bundesliga 2021-22"]
[Site "Germany"]
[Date "2022.03.05"]
[Round "1.4"]
[White "Georgiadis, Nico"]
[Black "Gumularz, Szymon"]
[Result "1-0"]
[ECO "C78"]
[WhiteElo "2562"]
[BlackElo "2539"]
[Annotator "ChessBase"]
[PlyCount "79"]
[EventDate "2022.03.05"]
[EventType "team-tourn"]
[EventCountry "GER"]
[SourceTitle "playchess.com"]
[Source "ChessBase"]
[SourceQuality "1"]
[TimeControl "40/5400+30:1800+30"]

1. e4 e5 2. Nf3 Nc6 3. Bb5 a6 4. Ba4 Nf6 5. O-O b5 6. Bb3 Bc5 7. a4 Rb8 8. c3 d6 9. d4 Bb6 10. a5 Ba7 11. h3 O-O 12. Be3 Re8 13. Nbd2 Bb7 14. Ng5 Rf8 15. Ndf3 d5 16. exd5 Nxd5 17. Qb1 g6 18. Qa2 Nce7 19. Nxe5 Qc8 20. Ngf3 f6 21. Nd3 Kh8 22. Rfe1 g5 23. Nh2 Bc6 24. Bd1 Qb7 25. Bf3 Nf5 26. c4 bxc4 27. Qxc4 Nh4 28. Rac1 Nxf3+ 29. Nxf3 Bb5 30. Qc2 Rbe8 31. Bd2 Rxe1+ 32. Rxe1 Rg8 33. Nc5 Qc8 34. Qe4 Qd8 35. Ne6 Qd6 36. Bxg5 Re8 37. Qf5 fxg5 38. Nfxg5 Qe7 39. Nf7+ Kg8 40. Qg4+ 1-0

[Event "German Bundesliga 2021-22"]
[Site "Germany"]
[Date "2022.03.05"]
[Round "1.5"]
[White "Baldauf, Marco"]
[Black "Dragnev, Valentin"]
[Result "0-1"]
[ECO "E06"]
[WhiteElo "2522"]
[BlackElo "2533"]
[Annotator "ChessBase"]
[PlyCount "84"]
[EventDate "2022.03.05"]
[EventType "team-tourn"]
[EventCountry "GER"]
[SourceTitle "playchess.com"]
[Source "ChessBase"]
[SourceQuality "1"]
[TimeControl "40/5400+30:1800+30"]

1. Nf3 Nf6 2. c4 e6 3. Nc3 d5 4. d4 Be7 5. g3 O-O 6. Bg2 Nbd7 7. Qd3 b6 8. cxd5 Nxd5 9. Nxd5 exd5 10. O-O Bb7 11. Rd1 Re8 12. Bf4 Nf8 13. Rac1 Ne6 14. Qc2 Nxf4 15. gxf4 Bd6 16. e3 f6 17. Nh4 g6 18. Kh1 Re7 19. Qb3 c6 20. Nf3 Kh8 21. Rg1 Qd7 22. Bf1 Rf8 23. h4 Qf5 24. Rg3 c5 25. Qa4 Ba8 26. Kg1 Rc7 27. b3 c4 28. Bh3 Qe4 29. Kh2 Bc6 30. Qa6 Qe8 31. bxc4 dxc4 32. a4 Bxa4 33. d5 c3 34. Nd4 c2 35. Qd3 b5 36. Rgg1 b4 37. Nxc2 Rc3 38. Qd2 Qe4 39. Nd4 Rd3 40. Qa2 Bxf4+ 41. exf4 Qxf4+ 42. Kg2 Rd2 0-1

[Event "German Bundesliga 2021-22"]
[Site "Germany"]
[Date "2022.03.05"]
[Round "1.5"]
[White "Begnis, Nikolaos"]
[Black "Dziuba, Marcin"]
[Result "0-1"]
[ECO "B85"]
[WhiteElo "2278"]
[BlackElo "2568"]
[Annotator "ChessBase"]
[PlyCount "66"]
[EventDate "2022.03.05"]
[EventType "team-tourn"]
[EventCountry "GER"]
[SourceTitle "playchess.com"]
[Source "ChessBase"]
[SourceQuality "1"]
[TimeControl "40/5400+30:1800+30"]

1. e4 c5 2. Nf3 d6 3. d4 cxd4 4. Nxd4 Nf6 5. Nc3 Nc6 6. Bc4 Qb6 7. Nb3 e6 8. O-O Be7 9. Be3 Qc7 10. Be2 O-O 11. f4 a6 12. a4 b6 13. Bf3 Bb7 14. Qe2 Rac8 15. g4 Nd7 16. g5 Rfe8 17. Bg2 g6 18. Qf2 Bf8 19. f5 Nce5 20. Bd4 Bg7 21. Kh1 Qd8 22. Qg3 Rc4 23. Rad1 Bc6 24. Bg1 gxf5 25. Nd4 Bxe4 26. Nxe4 fxe4 27. Bxe4 d5 28. Bg2 Qc7 29. c3 Rxa4 30. Rf4 Rc4 31. Rdf1 Nf8 32. h4 Neg6 33. Qg4 Nxf4 0-1

[Event "German Bundesliga 2021-22"]
[Site "Germany"]
[Date "2022.03.05"]
[Round "1.5"]
[White "Lipok, Christoph"]
[Black "Maze, Sebastien"]
[Result "1/2-1/2"]
[ECO "E32"]
[WhiteElo "2271"]
[BlackElo "2527"]
[Annotator "ChessBase"]
[PlyCount "73"]
[EventDate "2022.03.05"]
[EventType "team-tourn"]
[EventCountry "GER"]
[SourceTitle "playchess.com"]
[Source "ChessBase"]
[SourceQuality "1"]
[TimeControl "40/5400+30:1800+30"]

1. d4 Nf6 2. c4 e6 3. Nc3 Bb4 4. Qc2 O-O 5. a3 Bxc3+ 6. Qxc3 b6 7. Bg5 Bb7 8. e3 d6 9. Ne2 Nbd7 10. Qc2 h6 11. Bh4 c5 12. Rd1 Qe7 13. Nc3 cxd4 14. Rxd4 Ne5 15. Be2 Rfc8 16. O-O Ng6 17. Bg3 d5 18. cxd5 Nxd5 19. Nxd5 Bxd5 20. Qd2 Qb7 21. f3 Ne7 22. e4 Bc6 23. Rc1 Be8 24. Rxc8 Rxc8 25. Rd8 Nc6 26. Rxc8 Qxc8 27. Qd6 f6 28. Ba6 Qxa6 29. Qxe6+ Kh7 30. Qxe8 Qc4 31. h4 Qc1+ 32. Kh2 Nd4 33. h5 Qxb2 34. Qg6+ Kh8 35. Qe8+ Kh7 36. Qg6+ Kh8 37. Qe8+ 1/2-1/2

[Event "German Bundesliga 2021-22"]
[Site "Germany"]
[Date "2022.03.05"]
[Round "1.6"]
[White "Gavrilescu, David"]
[Black "Coenen, Norbert"]
[Result "1-0"]
[ECO "C54"]
[WhiteElo "2512"]
[BlackElo "2276"]
[Annotator "ChessBase"]
[PlyCount "63"]
[EventDate "2022.03.05"]
[EventType "team-tourn"]
[EventCountry "GER"]
[SourceTitle "playchess.com"]
[Source "ChessBase"]
[SourceQuality "1"]
[TimeControl "40/5400+30:1800+30"]

1. e4 e5 2. Nf3 Nc6 3. Bc4 Bc5 4. c3 Nf6 5. d4 exd4 6. e5 d5 7. Bb5 Ne4 8. cxd4 Bb6 9. Nc3 O-O 10. Be3 Bg4 11. h3 Bh5 12. Qc2 Bxf3 13. gxf3 Ng5 14. O-O-O Nxf3 15. Bxc6 bxc6 16. h4 f5 17. Qe2 f4 18. Qxf3 fxe3 19. Qxe3 Qe7 20. Rdg1 Qf7 21. Rg2 Qf4 22. Ne2 Qxe3+ 23. fxe3 c5 24. Rhg1 Rf7 25. Nf4 c6 26. Nh5 cxd4 27. Rxg7+ Rxg7 28. Rxg7+ Kf8 29. e6 Bd8 30. Rxh7 Kg8 31. e7 dxe3 32. Nf6# 1-0

[Event "German Bundesliga 2021-22"]
[Site "Germany"]
[Date "2022.03.05"]
[Round "1.6"]
[White "Libiszewski, Fabien"]
[Black "Fauth, Dietmar"]
[Result "1-0"]
[ECO "B30"]
[WhiteElo "2505"]
[BlackElo "2188"]
[Annotator "ChessBase"]
[PlyCount "59"]
[EventDate "2022.03.05"]
[EventType "team-tourn"]
[EventCountry "GER"]
[SourceTitle "playchess.com"]
[Source "ChessBase"]
[SourceQuality "1"]
[TimeControl "40/5400+30:1800+30"]

1. e4 c5 2. Nf3 Nc6 3. Bb5 Nf6 4. Nc3 g6 5. Bxc6 dxc6 6. h3 Bg7 7. d3 O-O 8. Be3 Qa5 9. Nd2 b6 10. O-O Qa6 11. f4 Qb7 12. Qe1 Qc7 13. Qh4 Ba6 14. f5 Rae8 15. Nf3 Bc8 16. Rae1 e5 17. Bg5 Qd6 18. Nh2 gxf5 19. exf5 Qd4+ 20. Kh1 Qxh4 21. Bxh4 Nd5 22. f6 Bh6 23. Nxd5 cxd5 24. Ng4 Bf4 25. Rxf4 exf4 26. Nh6+ Kh8 27. Nxf7+ Kg8 28. Nh6+ Kh8 29. Rxe8 Rxe8 30. f7 1-0

[Event "German Bundesliga 2021-22"]
[Site "Germany"]
[Date "2022.03.05"]
[Round "1.6"]
[White "Johansson, Linus"]
[Black "Jakubowski, Krzysztof"]
[Result "1/2-1/2"]
[ECO "D37"]
[WhiteElo "2473"]
[BlackElo "2475"]
[Annotator "ChessBase"]
[PlyCount "86"]
[EventDate "2022.03.05"]
[EventType "team-tourn"]
[EventCountry "GER"]
[SourceTitle "playchess.com"]
[Source "ChessBase"]
[SourceQuality "1"]
[TimeControl "40/5400+30:1800+30"]

1. d4 Nf6 2. c4 e6 3. Nf3 d5 4. Nc3 Be7 5. Bf4 O-O 6. e3 Nbd7 7. c5 Nh5 8. b4 Nxf4 9. exf4 b6 10. a3 c6 11. Bd3 a5 12. O-O Ba6 13. Bxa6 Rxa6 14. Qe2 b5 15. Rfb1 Bf6 16. Ra2 Ra8 17. g3 g6 18. Kg2 Qc7 19. h4 Ra7 20. Qd2 Rfa8 21. Ne5 h5 22. a4 axb4 23. Rxb4 bxa4 24. Raxa4 Nxe5 25. fxe5 Bd8 26. Qb2 Kg7 27. Qb3 Qe7 28. Rxa7 Rxa7 29. Ne2 Ba5 30. Ra4 Bd2 31. Ng1 Rxa4 32. Qxa4 Qb7 33. Nf3 Bc3 34. Qa3 Bb2 35. Qa5 Bc1 36. Qb6 Qa8 37. Qb3 Qa5 38. Kf1 Bh6 39. Kg2 Qa1 40. Qc2 Qa3 41. Ne1 Qa1 42. Nf3 Kg8 43. Qb3 Kg7 1/2-1/2

[Event "German Bundesliga 2021-22"]
[Site "Germany"]
[Date "2022.03.05"]
[Round "1.7"]
[White "Meessen, Rudolf"]
[Black "Meshkovs, Nikita"]
[Result "0-1"]
[ECO "D00"]
[WhiteElo "2239"]
[BlackElo "2559"]
[Annotator "ChessBase"]
[PlyCount "74"]
[EventDate "2022.03.05"]
[EventType "team-tourn"]
[EventCountry "GER"]
[SourceTitle "playchess.com"]
[Source "ChessBase"]
[SourceQuality "1"]
[TimeControl "40/5400+30:1800+30"]

1. d4 Nf6 2. Nc3 d5 3. Bf4 e6 4. Nb5 Na6 5. e3 c6 6. Nc3 Nc7 7. Bd3 Be7 8. Nf3 O-O 9. Ne5 Nce8 10. Qf3 Nd7 11. Qh3 f5 12. g4 Nd6 13. Rg1 Nxe5 14. Bxe5 Bf6 15. f4 Ne4 16. Nxe4 fxe4 17. Be2 Bxe5 18. fxe5 Qa5+ 19. c3 c5 20. g5 b5 21. g6 h6 22. Rf1 Bd7 23. Bg4 b4 24. Bxe6+ Kh8 25. Rf7 Bxe6 26. Qxe6 bxc3 27. Kf2 cxb2 28. Rf1 b1=Q 29. Rxb1 Qxa2+ 30. Kg3 Qxb1 31. Qf5 Qg1+ 32. Kh3 Qxe3+ 33. Kh4 Qg5+ 34. Qxg5 hxg5+ 35. Kxg5 e3 36. e6 e2 37. e7 Rfe8 0-1

[Event "German Bundesliga 2021-22"]
[Site "Germany"]
[Date "2022.03.05"]
[Round "1.7"]
[White "Mueller, Werner"]
[Black "Beikert, Guenther"]
[Result "1-0"]
[ECO "B50"]
[WhiteElo "2218"]
[BlackElo "2369"]
[Annotator "NA"]
[PlyCount "72"]
[EventDate "2022.03.05"]
[EventType "team-tourn"]
[EventCountry "GER"]
[SourceTitle "playchess.com"]
[Source "ChessBase"]
[SourceQuality "1"]
[TimeControl "40/5400+30:1800+30"]

1. e4 c5 2. Nf3 d6 3. d3 Nc6 4. g3 g6 5. Bg2 Bg7 6. O-O e5 7. Nbd2 Nge7 8. a4 O-O 9. Nc4 h6 10. Nfd2 Be6 11. f4 Qd7 12. fxe5 dxe5 13. Nb3 b6 14. a5 Rab8 15. axb6 axb6 16. Bd2 Nd4 17. Nxd4 Qxd4+ 18. Be3 Qd8 19. Qe2 Nc6 20. Ra6 Qc7 21. Rfa1 Rfd8 22. Bf3 b5 23. Na5 Nb4 24. Rxe6 fxe6 25. Nb3 Bf8 26. Bg4 Rb6 27. Qf2 Rc6 28. Rf1 Qe7 29. Qd2 c4 30. Na5 Ra6 31. Rxf8+ Rxf8 32. Nb7 Qxb7 33. Qxb4 Ra1+ 34. Kg2 Qf7 35. Be2 cxd3 36. cxd3 Raa8 1-0

[Event "German Bundesliga 2021-22"]
[Site "Germany"]
[Date "2022.03.05"]
[Round "1.8"]
[White "Fedorovsky, Michael"]
[Black "Seyb, Alexander"]
[Result "1/2-1/2"]
[ECO "D85"]
[WhiteElo "2396"]
[BlackElo "2427"]
[Annotator "NA"]
[PlyCount "62"]
[EventDate "2022.03.05"]
[EventType "team-tourn"]
[EventCountry "GER"]
[SourceTitle "playchess.com"]
[Source "ChessBase"]
[SourceQuality "1"]
[TimeControl "40/5400+30:1800+30"]

1. d4 Nf6 2. c4 g6 3. Nc3 d5 4. cxd5 Nxd5 5. e4 Nxc3 6. bxc3 Bg7 7. Nf3 c5 8. Be2 O-O 9. O-O Bg4 10. Be3 Qa5 11. Qb3 cxd4 12. cxd4 Nc6 13. Rad1 e5 14. dxe5 Qc7 15. Rb1 Bxf3 16. gxf3 Qxe5 17. Qxb7 Nd4 18. Qa6 Qh5 19. Kg2 Be5 20. h4 Rae8 21. Rh1 Bg7 22. Bxd4 Bxd4 23. Rb5 Re5 24. a4 Rxb5 25. Qxb5 Qxb5 26. axb5 Rc8 27. Rd1 Be5 28. h5 Kg7 29. hxg6 hxg6 30. Rd7 Rc7 31. Rxc7 Bxc7 1/2-1/2

[Event "German Bundesliga 2021-22"]
[Site "Germany"]
[Date "2022.03.05"]
[Round "1.8"]
[White "Barseghyan, Armen Ar."]
[Black "Lamby, Philipp"]
[Result "1-0"]
[ECO "D38"]
[WhiteElo "2351"]
[BlackElo "2151"]
[Annotator "NA"]
[PlyCount "45"]
[EventDate "2022.03.05"]
[EventType "team-tourn"]
[EventCountry "GER"]
[SourceTitle "playchess.com"]
[Source "ChessBase"]
[SourceQuality "1"]
[TimeControl "40/5400+30:1800+30"]

1. d4 Nf6 2. c4 e6 3. Nf3 d5 4. Nc3 Bb4 5. cxd5 exd5 6. Bf4 O-O 7. e3 c5 8. dxc5 Ne4 9. Rc1 Bxc3+ 10. bxc3 Nxc5 11. Nd4 Nc6 12. Be2 Nxd4 13. cxd4 Qa5+ 14. Qd2 Qxd2+ 15. Kxd2 Ne4+ 16. Ke1 g5 17. Be5 f6 18. Bc7 g4 19. f3 gxf3 20. gxf3 Ng5 21. Rg1 Kf7 22. f4 Nh3 23. Bh5+ 1-0

[Event "German Bundesliga 2021-22"]
[Site "Germany"]
[Date "2022.03.05"]
[Round "1.8"]
[White "Heinemann, Josefine"]
[Black "Pitl, Jarno"]
[Result "1-0"]
[ECO "B01"]
[WhiteElo "2290"]
[BlackElo "1988"]
[Annotator "NA"]
[PlyCount "93"]
[EventDate "2022.03.05"]
[EventType "team-tourn"]
[EventCountry "GER"]
[SourceTitle "playchess.com"]
[Source "ChessBase"]
[SourceQuality "1"]
[TimeControl "40/5400+30:1800+30"]

1. e4 d5 2. exd5 Qxd5 3. Nc3 Qd8 4. d4 Nf6 5. Nf3 Bg4 6. h3 Bxf3 7. Qxf3 c6 8. Be3 e6 9. Bd3 Nbd7 10. O-O Qc7 11. a3 Be7 12. Ne2 Nd5 13. Bd2 b5 14. c4 bxc4 15. Bxc4 N7b6 16. Ba6 O-O 17. Rac1 Nd7 18. b4 Qb6 19. Bd3 Bf6 20. Rc2 Rac8 21. Qe4 g6 22. Rfc1 Rc7 23. Bc4 Bg7 24. Qd3 Nb8 25. Bb3 Rd8 26. Bg5 Rdd7 27. Bh4 Rb7 28. Bg3 Ne7 29. Qe4 Nf5 30. Bxb8 Rxb8 31. Rxc6 Qd8 32. d5 Nd6 33. Qf3 e5 34. Ba4 Re7 35. Qe3 e4 36. Nd4 Nf5 37. Nxf5 gxf5 38. d6 Rd7 39. Qf4 Bf8 40. Qxf5 Rxd6 41. Rxd6 Qxd6 42. Qxe4 Rb6 43. Rc8 Qh6 44. Bc6 Qe6 45. Qxe6 fxe6 46. b5 a5 47. Ra8 1-0

[Event "German Bundesliga 2021-22"]
[Site "Germany"]
[Date "2022.03.05"]
[Round "1.11"]
[White "Richter, Michael"]
[Black "Martinovic, Sasa"]
[Result "0-1"]
[ECO "B51"]
[WhiteElo "2496"]
[BlackElo "2554"]
[Annotator "ChessBase"]
[PlyCount "80"]
[EventDate "2022.03.05"]
[EventType "team-tourn"]
[EventCountry "GER"]
[SourceTitle "playchess.com"]
[Source "ChessBase"]
[SourceQuality "1"]
[TimeControl "40/5400+30:1800+30"]

1. e4 c5 2. Nf3 d6 3. Bb5+ Nd7 4. Ba4 Ngf6 5. c4 g6 6. Nc3 Bg7 7. O-O O-O 8. d4 cxd4 9. Nxd4 Nb6 10. Bb3 Nfd7 11. Bg5 h6 12. Bh4 Ne5 13. Rc1 g5 14. Bg3 Nbxc4 15. Nd5 Nxb2 16. Qe2 Nbd3 17. Rcd1 e6 18. f4 gxf4 19. Nxf4 Nxf4 20. Bxf4 Bd7 21. Kh1 Qe7 22. Qh5 Qf6 23. Bg3 Qg5 24. Qe2 a6 25. Nf3 Qh5 26. a4 Rad8 27. Rd2 Bc6 28. Rfd1 Nxf3 29. gxf3 Be5 30. Rg1 Kh7 31. Qd3 Rg8 32. f4 Qg6 33. Bc2 Bxf4 34. Rdg2 Bxg3 35. Rxg3 Qh5 36. R1g2 Qe5 37. Qf3 f5 38. Qh5 Qa1+ 39. Rg1 Qf6 40. R1g2 Rxg3 0-1

[Event "German Bundesliga 2021-22"]
[Site "Germany"]
[Date "2022.03.05"]
[Round "1.11"]
[White "Orlov, Andrey"]
[Black "Engel, Luis"]
[Result "1/2-1/2"]
[ECO "B51"]
[WhiteElo "2490"]
[BlackElo "2564"]
[Annotator "ChessBase"]
[PlyCount "41"]
[EventDate "2022.03.05"]
[EventType "team-tourn"]
[EventCountry "GER"]
[SourceTitle "playchess.com"]
[Source "ChessBase"]
[SourceQuality "1"]
[TimeControl "40/5400+30:1800+30"]

1. e4 c5 2. Nf3 d6 3. Bb5+ Nd7 4. O-O a6 5. Bd3 Ngf6 6. Re1 e6 7. c3 b5 8. a4 b4 9. Bc2 Be7 10. d4 bxc3 11. bxc3 cxd4 12. cxd4 Bb7 13. Nbd2 O-O 14. Ba3 Rc8 15. Bd3 Rc3 16. Qe2 Qa8 17. Bb4 Rc6 18. d5 exd5 19. e5 Ne4 20. Nxe4 dxe4 21. Bxe4 1/2-1/2

[Event "German Bundesliga 2021-22"]
[Site "Germany"]
[Date "2022.03.05"]
[Round "1.12"]
[White "Horvath, Dominik"]
[Black "Bruedigam, Martin"]
[Result "1/2-1/2"]
[ECO "C67"]
[WhiteElo "2483"]
[BlackElo "2386"]
[Annotator "ChessBase"]
[PlyCount "61"]
[EventDate "2022.03.05"]
[EventType "team-tourn"]
[EventCountry "GER"]
[SourceTitle "playchess.com"]
[Source "ChessBase"]
[SourceQuality "1"]
[TimeControl "40/5400+30:1800+30"]

1. e4 e5 2. Nf3 Nc6 3. Bb5 Nf6 4. O-O Nxe4 5. Re1 Nd6 6. Ba4 Be7 7. Nc3 O-O 8. d4 e4 9. Nxe4 Nxe4 10. Rxe4 d5 11. Re1 Na5 12. c3 Bf5 13. Ne5 c6 14. Qf3 Bg6 15. Qg4 Nc4 16. Nxg6 hxg6 17. Bc2 Re8 18. b3 Nd6 19. g3 Qc8 20. Qf3 Bf8 21. Bd2 Rxe1+ 22. Rxe1 Qh3 23. Bd3 Re8 24. Rxe8 Nxe8 25. Qg2 Qg4 26. f3 Qd7 27. h4 Bd6 28. Kh2 Nf6 29. Qe2 Nh5 30. f4 f5 31. Kg2 1/2-1/2

[Event "German Bundesliga 2021-22"]
[Site "Germany"]
[Date "2022.03.05"]
[Round "1.13"]
[White "Neef, Maximilian"]
[Black "Andersen, Mads"]
[Result "0-1"]
[ECO "A05"]
[WhiteElo "2504"]
[BlackElo "2570"]
[Annotator "ChessBase"]
[PlyCount "144"]
[EventDate "2022.03.05"]
[EventType "team-tourn"]
[EventCountry "GER"]
[SourceTitle "playchess.com"]
[Source "ChessBase"]
[SourceQuality "1"]
[TimeControl "40/5400+30:1800+30"]

1. Nf3 Nf6 2. g3 g6 3. b3 Bg7 4. Bb2 O-O 5. Bg2 d5 6. c4 c6 7. O-O b6 8. d4 Bb7 9. Nc3 e6 10. Qc2 Nbd7 11. Rfd1 Qc7 12. e4 Nxe4 13. Nxe4 dxe4 14. Qxe4 c5 15. Qe2 cxd4 16. Bxd4 e5 17. Bc3 Rfe8 18. Qb2 Nc5 19. Rac1 Ne4 20. Be1 a5 21. Qc2 Nc5 22. Bc3 Rad8 23. Ne1 h5 24. Rxd8 Rxd8 25. Rd1 e4 26. Bxg7 Kxg7 27. Bf1 Rxd1 28. Qxd1 Qe5 29. Nc2 Qc3 30. Ne3 Nd3 31. h4 Bc6 32. Qb1 Qd2 33. Qc2 Qe1 34. Nd5 Qa1 35. Qc3+ Qxc3 36. Nxc3 Nc5 37. Be2 Kf6 38. Kf1 Ke5 39. Ke1 f5 40. Kd2 f4 41. gxf4+ Kxf4 42. Bd1 g5 43. Ne2+ Kf3 44. Nd4+ Kxf2 45. Bxh5 gxh4 46. Nxc6 Nd3 47. Bg4 h3 48. Bxh3 e3+ 49. Kxd3 e2 50. c5 bxc5 51. Kc4 e1=Q 52. Bf5 Qe2+ 53. Kxc5 Qxa2 54. Be6 a4 55. Kb5 a3 56. Bc4 Qb1 57. b4 Ke3 58. Kb6 a2 59. Bxa2 Qxa2 60. b5 Qc4 61. Na5 Qd5 62. Nc6 Ke4 63. Ka6 Qc5 64. Na7 Qa3+ 65. Kb7 Qe7+ 66. Kb8 Qd6+ 67. Kb7 Qd7+ 68. Kb8 Kd5 69. b6 Qd8+ 70. Kb7 Kc5 71. Nc8 Qd7+ 72. Kb8 Kc6 0-1

[Event "German Bundesliga 2021-22"]
[Site "Germany"]
[Date "2022.03.05"]
[Round "1.13"]
[White "Levin, Felix"]
[Black "Ernst, Sipke"]
[Result "0-1"]
[ECO "D12"]
[WhiteElo "2456"]
[BlackElo "2532"]
[Annotator "ChessBase"]
[PlyCount "82"]
[EventDate "2022.03.05"]
[EventType "team-tourn"]
[EventCountry "GER"]
[SourceTitle "playchess.com"]
[Source "ChessBase"]
[SourceQuality "1"]
[TimeControl "40/5400+30:1800+30"]

1. d4 d5 2. Nf3 Nf6 3. c4 c6 4. e3 Bf5 5. Nc3 e6 6. Nh4 Be4 7. f3 Bg6 8. Bd2 Be7 9. Nxg6 hxg6 10. Qb3 dxc4 11. Bxc4 b5 12. Be2 Nbd7 13. O-O-O a6 14. e4 c5 15. e5 cxd4 16. exf6 dxc3 17. Bxc3 Bxf6 18. Kb1 O-O 19. Bb4 Re8 20. h4 Qc7 21. g4 Rac8 22. Bd6 Qb6 23. g5 Bd4 24. Bg3 Nc5 25. Qb4 e5 26. Bf1 Na4 27. Rd2 Be3 28. Rd1 Qc6 29. Bd3 Qxf3 30. h5 gxh5 31. g6 Qxg3 32. gxf7+ Kxf7 33. Qb3+ Kf8 34. Bxb5 Qg6+ 35. Bd3 Qc6 36. Bf5 Nc3+ 37. Qxc3 Qxc3 38. bxc3 Rc5 39. c4 Rxc4 40. Rxh5 Rc3 41. Ka1 Rb8 0-1

[Event "German Bundesliga 2021-22"]
[Site "Germany"]
[Date "2022.03.05"]
[Round "1.14"]
[White "Svane, Frederik"]
[Black "Sorensen, Hampus"]
[Result "1-0"]
[ECO "C77"]
[WhiteElo "2496"]
[BlackElo "2367"]
[Annotator "ChessBase"]
[PlyCount "53"]
[EventDate "2022.03.05"]
[EventType "team-tourn"]
[EventCountry "GER"]
[SourceTitle "playchess.com"]
[Source "ChessBase"]
[SourceQuality "1"]
[TimeControl "40/5400+30:1800+30"]

1. e4 e5 2. Nf3 Nc6 3. Bb5 a6 4. Ba4 Nf6 5. Nc3 Bd6 6. d3 Ne7 7. Nxe5 Bxe5 8. d4 Bxd4 9. Qxd4 b5 10. e5 Nc6 11. Qc5 Ng4 12. e6 Qe7 13. Qxe7+ Nxe7 14. exf7+ Kf8 15. Bb3 c5 16. Bd5 Nxd5 17. Nxd5 Bb7 18. Nc7 Rd8 19. Bg5 Nf6 20. Ne8 Bxg2 21. Rg1 Kxf7 22. Nd6+ Ke7 23. Nf5+ Ke6 24. Nxg7+ Kf7 25. Bxf6 Kxf6 26. Rxg2 Rhg8 27. Nh5+ 1-0

[Event "German Bundesliga 2021-22"]
[Site "Germany"]
[Date "2022.03.05"]
[Round "1.15"]
[White "Stark, Lars"]
[Black "Heinemann, Thies"]
[Result "0-1"]
[ECO "A37"]
[WhiteElo "2386"]
[BlackElo "2495"]
[Annotator "ChessBase"]
[PlyCount "86"]
[EventDate "2022.03.05"]
[EventType "team-tourn"]
[EventCountry "GER"]
[SourceTitle "playchess.com"]
[Source "ChessBase"]
[SourceQuality "1"]
[TimeControl "40/5400+30:1800+30"]

1. c4 c5 2. g3 Nc6 3. Bg2 g6 4. Nc3 Bg7 5. Nf3 e5 6. O-O Nge7 7. Ne1 d6 8. Nc2 Be6 9. Ne3 O-O 10. d3 Rb8 11. Ned5 a6 12. a4 a5 13. Bg5 f6 14. Bd2 b6 15. h3 Nb4 16. Kh2 Nexd5 17. Nxd5 Nxd5 18. cxd5 Bd7 19. Qc1 f5 20. Bh6 f4 21. Bxg7 Kxg7 22. b3 Qg5 23. Qc4 Rf7 24. Qa6 Qd8 25. h4 Ra8 26. Qc4 g5 27. e3 Qf6 28. exf4 exf4 29. Rae1 gxh4 30. Qxf4 Qxf4 31. gxf4 Raf8 32. Rg1 Kh6 33. Bh3 Bxh3 34. Kxh3 Rxf4 35. Re6+ Kh5 36. Rxd6 Rxf2 37. Rg2 R8f3+ 38. Kh2 Rxg2+ 39. Kxg2 Kg4 40. Rd8 h3+ 41. Kh2 Rxd3 42. d6 Rd2+ 43. Kg1 h2+ 0-1

[Event "German Bundesliga 2021-22"]
[Site "Germany"]
[Date "2022.03.05"]
[Round "1.15"]
[White "Moehn, Hans"]
[Black "Handke, Florian"]
[Result "1-0"]
[ECO "A05"]
[WhiteElo "2360"]
[BlackElo "2539"]
[Annotator "ChessBase"]
[PlyCount "81"]
[EventDate "2022.03.05"]
[EventType "team-tourn"]
[EventCountry "GER"]
[SourceTitle "playchess.com"]
[Source "ChessBase"]
[SourceQuality "1"]
[TimeControl "40/5400+30:1800+30"]

1. Nf3 Nf6 2. g3 g6 3. b3 Bg7 4. Bb2 d5 5. c4 O-O 6. Bg2 Nc6 7. cxd5 Nxd5 8. Bxg7 Kxg7 9. Nc3 Nxc3 10. dxc3 e5 11. Qxd8 Rxd8 12. Nd2 Ne7 13. O-O-O a5 14. Nc4 Re8 15. Rd2 a4 16. b4 Nf5 17. Be4 Be6 18. Na5 Nd6 19. Bxb7 Rxa5 20. Rxd6 Ra7 21. Bc6 cxd6 22. Bxe8 a3 23. Kb1 Bc4 24. Rd1 Kf8 25. Bc6 Ke7 26. Rd2 Rc7 27. Be4 f5 28. Bd3 Be6 29. Rc2 e4 30. Bb5 d5 31. e3 g5 32. Kc1 Kd6 33. Kd2 h6 34. c4 dxc4 35. Kc3 Ke5 36. Rd2 f4 37. Ba6 fxe3 38. fxe3 Bd5 39. b5 Kd6 40. b6 Rc5 41. Bb7 1-0